[Event "Titled Tuesday Blitz February 15 Early 2022"]
[White "Osiecki, Stanislaw"]
[Black "Begunov, Konstantin"]
[WhiteFideId "1102990"]
[BlackFideId "4118510"]
[WhiteElo "2127"]
[BlackElo "2262"]
[Result "1/2-1/2"]
[Round "04"]
[TimeControl "180+1"]
[Date "2022.02.15"]
[WhiteClock "0:00:58"]
[BlackClock "0:00:42"]

1. e4 c5 2. c3 Nf6 3. e5 Nd5 4. d4 cxd4 5. Nf3 Nc6 6. cxd4 d6 7. Bc4 Nb6 8. Bb5 d5 9. h3 Bf5 10. Bd3 Bxd3 11. Qxd3 e6 12. Nc3 Be7 13. O-O Rc8 14. Be3 O-O 15. Rac1 Nc4 16. b3 Nxe3 17. Qxe3 Ba3 18. Rc2 a6 19. Nb1 Be7 20. Rfc1 h6 21. g4 Qa5 22. Kg2 Na7 23. Rxc8 Rxc8 24. Rxc8+ Nxc8 25. Qc3 Qxc3 26. Nxc3 Na7 27. Kf1 Nc6 28. Ke2 Bb4 29. Nb1 Kf8 30. Kd3 Ke7 31. Nfd2 f6 32. f4 Kf7 33. a3 Ba5 34. b4 Bb6 35. Nf3 fxe5 36. fxe5 Kg6 37. Nbd2 h5 38. Nb3 hxg4 39. hxg4 Na7 40. Nc5 Bxc5 41. dxc5 Nc6 42. Ke3 Kf7 43. Kf4 Ke7 44. Kg5 Kf7 45. Kf4 Kg6 46. Nh4+ Kf7 47. Nf3 1/2-1/2


[Site "https://www.chess.com"]

[Event "Titled Tuesday Blitz February 15 Early 2022"]
[White "Osmak, Yuliia"]
[Black "Guliyev, Namig"]
[WhiteFideId "14101602"]
[BlackFideId "13400363"]
[WhiteElo "2302"]
[BlackElo "2487"]
[Result "1/2-1/2"]
[Round "04"]
[TimeControl "180+1"]
[Date "2022.02.15"]
[WhiteClock "0:00:04"]
[BlackClock "0:00:37"]

1. e4 c5 2. b3 Nc6 3. Bb2 Nf6 4. e5 Nd5 5. Nf3 g6 6. Bc4 e6 7. Bxd5 exd5 8. e6 d4 9. exf7+ Kxf7 10. O-O Bg7 11. d3 Re8 12. Nbd2 d5 13. Re1 Bf5 14. Nf1 Rxe1 15. Qxe1 Qf6 16. Qd2 Re8 17. Ng3 Bd7 18. a3 h6 19. Re1 Rxe1+ 20. Qxe1 Bg4 21. Nd2 Qe5 22. Qxe5 Bxe5 23. f3 Be6 24. Bc1 Bf4 25. Ne2 Bd6 26. g3 g5 27. Kf2 b5 28. Bb2 a5 29. f4 g4 30. Ke1 h5 31. Kd1 Ne7 32. b4 cxb4 33. axb4 Bxb4 34. Nxd4 Nf5 35. Nxb5 Ne3+ 36. Kc1 Bxd2+ 37. Kxd2 Nf1+ 38. Ke2 Nxh2 39. Nd4 a4 40. Ba3 Bd7 41. Kf2 Kg6 42. Kg2 Nf3 43. Nxf3 gxf3+ 44. Kxf3 Bg4+ 45. Ke3 Bd1 46. c4 dxc4 47. dxc4 Kf5 48. c5 Ke6 49. c6 Bg4 50. Kd4 Bf3 51. Kc5 Bg2 52. Kb6 Kd5 53. f5 Bh3 54. f6 Ke6 55. Be7 Kf7 56. Kb7 a3 57. Bxa3 Kxf6 58. c7 Be6 59. c8=Q Bxc8+ 60. Kxc8 Ke6 61. Bc1 Kf5 62. Ba3 Kg4 63. Bd6 h4 64. gxh4 Kxh4 1/2-1/2


[Site "https://www.chess.com"]

[Event "Titled Tuesday Blitz February 15 Early 2022"]
[White "Ozdemir, Serhan Berat"]
[Black "Steenbekkers, Franck"]
[WhiteFideId "6374611"]
[BlackFideId "1004220"]
[WhiteElo "1920"]
[BlackElo "2130"]
[Result "0-1"]
[Round "04"]
[TimeControl "180+1"]
[Date "2022.02.15"]
[WhiteClock "0:00:25"]
[BlackClock "0:00:25"]

1. e4 e6 2. d4 d5 3. Nd2 Nc6 4. Ngf3 Nf6 5. e5 Nd7 6. Bb5 a6 7. Bxc6 bxc6 8. c4 c5 9. cxd5 exd5 10. O-O Be7 11. Nb3 O-O 12. Na5 Qe8 13. dxc5 Nxc5 14. Qxd5 Be6 15. Qc6 Bd7 16. Qd5 Be6 17. Qd1 Rd8 18. Qe2 Bf5 19. Re1 Nd3 20. Rd1 Qb5 21. Nb3 Nxc1 22. Nxc1 Qxb2 23. Qxb2 Rxd1+ 0-1


[Site "https://www.chess.com"]

[Event "Titled Tuesday Blitz February 15 Early 2022"]
[White "Ozkan, Taha"]
[Black "Dronavalli, Harika"]
[WhiteFideId "34577173"]
[BlackFideId "5015197"]
[WhiteElo "2024"]
[BlackElo "2382"]
[Result "1/2-1/2"]
[Round "04"]
[TimeControl "180+1"]
[Date "2022.02.15"]
[WhiteClock "0:00:19"]
[BlackClock "0:00:16"]

1. d4 Nf6 2. c4 e6 3. Nc3 Bb4 4. Qc2 b6 5. e4 c5 6. d5 O-O 7. Nf3 d6 8. Be2 Bxc3+ 9. bxc3 Re8 10. O-O exd5 11. exd5 Nbd7 12. Bf4 Nf8 13. Bd3 Ng6 14. Bg3 Nh5 15. Rfe1 Nxg3 16. hxg3 Bg4 17. Rxe8+ Qxe8 18. Re1 Qf8 19. Ng5 Re8 20. Rxe8 Qxe8 21. Bf5 Bxf5 22. Qxf5 h6 23. Ne4 Qe7 24. f3 Ne5 25. Nd2 g6 26. Qe4 Qf6 27. f4 Ng4 28. Qf3 h5 29. Ne4 Qe7 30. f5 Qe5 31. fxg6 fxg6 32. Kf1 Kg7 33. Ke2 Nf6 34. Qxf6+ Qxf6 35. Nxf6 Kxf6 36. Kf3 Kf5 37. g4+ hxg4+ 38. Ke3 g3 39. Kf3 a6 40. a4 Ke5 41. Ke3 Kf5 42. Kf3 Kf6 43. Kxg3 Ke5 44. Kf3 Kf5 45. g3 Kg5 46. Kg2 Kg4 47. Kf2 g5 48. Kg2 Kf5 49. Kf3 g4+ 50. Ke3 Ke5 51. Kd3 Kf5 52. Ke3 Ke5 53. Kd3 Kf5 54. Kd2 Ke4 55. Ke2 Kf5 56. Ke3 1/2-1/2


[Site "https://www.chess.com"]

[Event "Titled Tuesday Blitz February 15 Early 2022"]
[White "Papasimakopoulos, Alexandros"]
[Black "Domingo Nunez, Alejandro"]
[WhiteFideId "4244125"]
[BlackFideId "22245561"]
[WhiteElo "2340"]
[BlackElo "2215"]
[Result "1-0"]
[Round "04"]
[TimeControl "180+1"]
[Date "2022.02.15"]
[WhiteClock "0:00:12"]
[BlackClock "0:00:04"]

1. d4 g6 2. c4 Bg7 3. e4 d6 4. Nc3 Nd7 5. Nge2 e5 6. Be3 h5 7. Qd2 h4 8. h3 Bh6 9. Bxh6 Nxh6 10. O-O-O Ng8 11. f4 Rh5 12. g4 hxg3 13. Nxg3 Rh4 14. dxe5 dxe5 15. f5 c6 16. Be2 Qe7 17. Bg4 Ngf6 18. fxg6 fxg6 19. Kb1 Nf8 20. Bxc8 Rxc8 21. Qg5 Nh5 22. Qe3 b6 23. Nxh5 Rxh5 24. Qg3 Rd8 25. Rxd8+ Kxd8 26. Rd1+ Kc7 27. a3 Rg5 28. Qh4 Ne6 29. Qh8 Kb7 30. h4 Rh5 31. Qg8 Rxh4 32. Qxg6 Nd4 33. Rf1 Rh7 34. Ka2 Rg7 35. Qh6 Rh7 36. Qg6 Rg7 37. Qh5 Ka6 38. Qh8 Kb7 39. Qh3 Rh7 40. Qd3 Qe6 41. Rf2 Rh3 42. Qf1 b5 43. Rf7+ Kb6 44. Nd5+ cxd5 45. Rf6 bxc4 46. Rxe6+ Nxe6 47. Qxh3 1-0


[Site "https://www.chess.com"]

[Event "Titled Tuesday Blitz February 15 Early 2022"]
[White "Petrosyan, Manuel"]
[Black "Krysa, Leandro"]
[WhiteFideId "13300857"]
[BlackFideId "116807"]
[WhiteElo "2592"]
[BlackElo "2490"]
[Result "0-1"]
[Round "04"]
[TimeControl "180+1"]
[Date "2022.02.15"]
[WhiteClock "0:00:01"]
[BlackClock "0:00:02"]

1. Nf3 Nf6 2. c4 c5 3. Nc3 d5 4. cxd5 Nxd5 5. e3 Nc6 6. Bb5 Nxc3 7. bxc3 e6 8. O-O Be7 9. d4 O-O 10. Bxc6 bxc6 11. Qa4 cxd4 12. cxd4 c5 13. dxc5 Bxc5 14. Qc6 Qd5 15. Qxd5 exd5 16. Bb2 Bf5 17. Rfc1 Rfc8 18. Bd4 Bxd4 19. Nxd4 Bd3 20. g4 h6 21. Kg2 Rc4 22. Rd1 Bg6 23. Rd2 Rac8 24. Kg3 a5 25. Nb5 R8c5 26. Nd4 a4 27. Rb2 a3 28. Rb3 Rc3 29. Rxc3 Rxc3 30. Rd1 Bd3 31. Rd2 Bc4 32. Rc2 Rd3 33. h4 g6 34. Nc6 Kg7 35. Ne5 Rd1 36. Rc3 Bxa2 37. Rxa3 Bb1 38. Ra7 Kf6 39. f4 Be4 40. Rxf7+ Ke6 41. g5 hxg5 42. hxg5 Rg1+ 43. Kf2 Rg2+ 44. Kf1 Rh2 45. Rf6+ Ke7 46. Nxg6+ Kd7 47. Ne5+ Kc7 48. g6 Rh1+ 49. Kf2 Rh2+ 50. Kg3 Rg2+ 51. Kh3 Rg1 52. Rf7+ Kd6 53. g7 Ke6 54. Kh4 Bf5 55. Ra7 d4 56. exd4 Kd5 57. Rf7 Ke4 58. Kh5 Kxf4 59. Ng6+ Rxg6 60. d5 Rg1 0-1


[Site "https://www.chess.com"]

[Event "Titled Tuesday Blitz February 15 Early 2022"]
[White "Petrova, Irina"]
[Black "Chincholimath, Halsagar"]
[WhiteFideId "14124122"]
[BlackFideId "5022487"]
[WhiteElo "1988"]
[BlackElo "1737"]
[Result "1-0"]
[Round "04"]
[TimeControl "180+1"]
[Date "2022.02.15"]
[WhiteClock "0:00:17"]
[BlackClock "0:00:06"]

1. e4 c6 2. d4 d5 3. e5 Bf5 4. h4 h5 5. c4 e6 6. Nc3 dxc4 7. Bxc4 Ne7 8. Nge2 Nd5 9. Ng3 Bg6 10. Nxd5 cxd5 11. Bb5+ Nc6 12. O-O Qxh4 13. Qa4 Rc8 14. Be3 Be7 15. Rac1 O-O 16. Bxc6 bxc6 17. Rxc6 Qg4 18. Rxc8 Rxc8 19. Qd7 Rc2 20. Qxe7 h4 21. Nh1 h3 22. Qd8+ Kh7 23. Qg5 Qxg5 24. Bxg5 hxg2 25. Kxg2 Be4+ 26. Kg1 Rxb2 27. Ng3 Bf3 28. Ra1 a5 29. Be3 a4 30. Nf1 Kg6 31. Nd2 Bg4 32. a3 Rb8 33. Rb1 Rc8 34. Rb4 Bd1 35. Kh2 Kf5 36. Kg3 g5 37. Rb7 Rf8 38. Nf3 g4 39. Nh4+ Ke4 40. Rb1 Bc2 41. Re1 Kd3 42. Kxg4 Rg8+ 43. Bg5 Kxd4 44. Nf3+ Kc5 45. Kf4 Bf5 46. Be7+ Kc6 47. Rc1+ Kd7 48. Bb4 Rg4+ 49. Ke3 Re4+ 50. Kd2 Bg4 51. Rc3 Rf4 52. Ke2 d4 53. Rd3 Kc6 54. Bd2 Re4+ 55. Kf1 Kd5 56. Bc3 Bh3+ 57. Kg1 Kc4 58. Rxd4+ Rxd4 59. Bxd4 Kb3 60. Bc5 Bf5 61. Ng5 Bg6 62. Kh2 Kc4 63. Bd6 Kd5 64. Bc7 Kd4 65. Kg3 Kd5 66. f4 Kd4 67. Kf3 Kc4 68. Ke3 Kb3 69. Bd6 f6 70. exf6 Bf5 71. f7 1-0


[Site "https://www.chess.com"]

[Event "Titled Tuesday Blitz February 15 Early 2022"]
[White "Pires, Marcos Vinicius Torsani"]
[Black "Qashashvili, Alexandre"]
[WhiteFideId "2118939"]
[BlackFideId "13600842"]
[WhiteElo "2273"]
[BlackElo "2316"]
[Result "1-0"]
[Round "04"]
[TimeControl "180+1"]
[Date "2022.02.15"]
[WhiteClock "0:00:12"]
[BlackClock "0:00:07"]

1. d4 d5 2. Bf4 c6 3. e3 Bf5 4. c4 e6 5. Nc3 Bd6 6. Bxd6 Qxd6 7. Qb3 b6 8. Nf3 Nf6 9. h3 O-O 10. Nh4 Bg6 11. Nxg6 hxg6 12. Be2 Nbd7 13. O-O Rfe8 14. Rfd1 Rac8 15. Bf3 Rc7 16. e4 dxe4 17. Nxe4 Nxe4 18. Bxe4 Nf6 19. Bf3 Rd8 20. Rd3 Rcd7 21. Rad1 Qc7 22. Qa4 c5 23. d5 exd5 24. cxd5 Rd6 25. Qc4 Nd7 26. Qf4 Re8 27. a4 Ne5 28. Re3 Nxf3+ 29. Qxf3 Rxe3 30. fxe3 f5 31. e4 fxe4 32. Qxe4 Qf7 33. b3 Qf5 34. Qc4 Qe5 35. Kh1 Kh7 36. a5 Kg8 37. axb6 axb6 38. Qd3 Kh7 39. Qf3 b5 40. Qd3 b4 41. Qc4 Qc3 42. Qh4+ Kg8 43. Qe7 Qf6 44. Qe8+ Kh7 45. Qe3 Qc3 46. Rd3 Qa1+ 47. Kh2 Qf6 48. Qxc5 Qe5+ 49. Kh1 Qe1+ 50. Qg1 Qe5 51. Qd4 Qe1+ 52. Kh2 Qe7 53. Re3 Qb7 54. Qh4+ Kg8 55. Re8+ Kf7 56. Qe4 Rf6 57. Re6 Qc7+ 58. Kg1 Qc1+ 59. Kh2 Qc7+ 60. d6 Rxe6 61. dxc7 Rxe4 62. c8=Q Kf6 63. Qc6+ Ke5 64. Qc4 g5 65. Qc5+ Kf4 66. Qf2+ Ke5 67. Qc2 Kf4 68. Qd2+ Kf5 69. Qd8 Kf4 70. Qf8+ Ke3 71. Qxg7 g4 72. Qg5+ Kd3 73. hxg4 Kc3 74. Qf5 Re3 75. g5 Kxb3 76. g6 Rc3 77. g7 Rc8 78. g8=Q+ Rxg8 79. Qf7+ Kc2 80. Qxg8 b3 81. Qb8 b2 82. Qxb2+ Kxb2 83. Kh3 Kc3 84. Kh4 Kd4 85. Kh5 Ke5 86. g4 Kf6 87. Kh6 Kf7 88. g5 Kg8 89. Kg6 Kh8 90. Kf7 Kh7 91. g6+ Kh6 92. g7 1-0


[Site "https://www.chess.com"]

[Event "Titled Tuesday Blitz February 15 Early 2022"]
[White "Politov, Pavel Y."]
[Black "Stepanencu, Nicodim-Cosmin"]
[WhiteFideId "24110515"]
[BlackFideId "1256220"]
[WhiteElo "2090"]
[BlackElo "1809"]
[Result "0-1"]
[Round "04"]
[TimeControl "180+1"]
[Date "2022.02.15"]
[WhiteClock "0:00:01"]
[BlackClock "0:00:03"]

1. e4 a6 2. d4 b5 3. Bd3 Bb7 4. Ne2 e6 5. f3 c5 6. c3 Nf6 7. Be3 Qc7 8. Nd2 d6 9. O-O Nbd7 10. a4 c4 11. Bc2 Be7 12. Ng3 h5 13. Ne2 Nb6 14. a5 Nbd7 15. Qe1 h4 16. Qf2 e5 17. d5 Nh5 18. g3 hxg3 19. hxg3 g5 20. Kg2 f5 21. Rh1 O-O-O 22. Rh2 f4 23. Bb6 Nxb6 24. axb6 Qd7 25. g4 Nf6 26. b4 Rxh2+ 27. Kxh2 Rh8+ 28. Kg2 Nxg4 29. fxg4 Qxg4+ 30. Kf1 Rh1+ 31. Ng1 Qh3+ 32. Qg2 Qh5 33. Nf3 g4 34. Ne1 f3 35. Nxf3 gxf3 36. Qf2 Bh4 0-1


[Site "https://www.chess.com"]

[Event "Titled Tuesday Blitz February 15 Early 2022"]
[White "Postnikov, Daniil"]
[Black "Jaracz, Pawel"]
[WhiteFideId "4166329"]
[BlackFideId "1102222"]
[WhiteElo "2261"]
[BlackElo "2429"]
[Result "0-1"]
[Round "04"]
[TimeControl "180+1"]
[Date "2022.02.15"]
[WhiteClock "0:00:02"]
[BlackClock "0:01:21"]

1. e4 e5 2. Nf3 Nc6 3. Nc3 Nge7 4. Bc4 Ng6 5. d4 Bb4 6. Bg5 Be7 7. Bxe7 Qxe7 8. Nd5 Qd8 9. h4 exd4 10. Nxd4 Nge5 11. Bb3 O-O 12. f4 Nxd4 13. Qxd4 Nc6 14. Qc3 d6 15. h5 h6 16. g4 Be6 17. O-O-O Bxd5 18. Bxd5 Qf6 19. Qe3 Ne7 20. g5 hxg5 21. fxg5 Nxd5 22. Rxd5 Qe6 23. h6 g6 24. h7+ Kh8 25. Qc3+ f6 26. gxf6 Rxf6 27. Qxc7 Rc8 28. Qxb7 Rxc2+ 29. Kxc2 Qxe4+ 30. Kb3 Rf3+ 0-1


[Site "https://www.chess.com"]

[Event "Titled Tuesday Blitz February 15 Early 2022"]
[White "Prohorov, Olexandr"]
[Black "Baches Garcia, Guillermo"]
[WhiteFideId "14105578"]
[BlackFideId "2209764"]
[WhiteElo "1993"]
[BlackElo "2454"]
[Result "0-1"]
[Round "04"]
[TimeControl "180+1"]
[Date "2022.02.15"]
[WhiteClock "0:00:34"]
[BlackClock "0:00:46"]

1. d4 Nf6 2. Bg5 e6 3. e4 h6 4. Bxf6 Qxf6 5. Nc3 d6 6. Bd3 c6 7. Nge2 e5 8. d5 Qd8 9. O-O Be7 10. f4 O-O 11. Qe1 Nd7 12. Rd1 Bh4 13. g3 Bf6 14. Qf2 Qb6 15. Qxb6 axb6 16. Kg2 b5 17. a3 Nc5 18. Nc1 Nxd3 19. Nxd3 exf4 20. gxf4 Bxc3 21. bxc3 Rxa3 22. dxc6 Rxc3 23. Nb4 bxc6 24. Rxd6 Bh3+ 25. Kf2 Bxf1 26. Kxf1 c5 27. Nd5 Rxc2 28. e5 Ra8 0-1


[Site "https://www.chess.com"]

[Event "Titled Tuesday Blitz February 15 Early 2022"]
[White "Przybylski, Wojciech"]
[Black "Namitbir Singh Walia"]
[WhiteFideId "1117599"]
[BlackFideId "35071068"]
[WhiteElo "2133"]
[BlackElo "1479"]
[Result "1-0"]
[Round "04"]
[TimeControl "180+1"]
[Date "2022.02.15"]
[WhiteClock "0:00:05"]
[BlackClock "0:00:04"]

1. e4 c5 2. Nf3 e6 3. d4 cxd4 4. Nxd4 a6 5. Bd3 Bc5 6. Nb3 Be7 7. Qg4 g6 8. O-O Nc6 9. f4 Nf6 10. Qe2 d5 11. Nc3 O-O 12. e5 Nd7 13. Bd2 b5 14. Rae1 Re8 15. Kh1 Bb7 16. Qg4 Bf8 17. Ne2 Rc8 18. a3 Bg7 19. Ned4 Nxd4 20. Ba5 Qe7 21. Bb4 Qd8 22. Ba5 Qe7 23. Nxd4 Nc5 24. Bb4 Qc7 25. Bc3 Na4 26. Ne2 Nxc3 27. Nxc3 Qc5 28. Qe2 Bc6 29. Na2 Bd7 30. Nc1 a5 31. Nb3 Qb6 32. Qf2 Qc7 33. Nd4 Rb8 34. b4 Bf8 35. Rb1 axb4 36. axb4 Rec8 37. h4 h5 38. Rb3 Qa7 39. Kh2 Be7 40. Kh3 Bd8 41. c3 Bb6 42. Qb2 Bxd4 43. cxd4 Ra8 44. Kg3 Qa2 45. Rb1 Qxb2 46. R1xb2 Ra1 47. Kf3 Kf8 48. g3 Ke7 49. Ke3 Re1+ 50. Kd2 Rg1 51. Be2 Ra1 52. Rb1 Rxb1 53. Rxb1 Ra8 54. Bd3 Kd8 55. Bc2 Bc6 56. Bb3 Kd7 57. Rc1 Ra7 58. Kc3 Rb7 59. Kb2 Ra7 60. Rg1 Ra6 61. g4 hxg4 62. Rxg4 Ra8 63. Rg1 Rh8 64. Rh1 Kc7 65. Kc3 Rh5 66. Kd2 Rf5 67. Ke3 Rh5 68. Bd1 Rh6 69. Be2 Kb6 70. h5 Kc7 71. Bf3 gxh5 72. Rxh5 Rxh5 73. Bxh5 Be8 74. f5 Kd7 75. f6 Kc7 76. Kf4 Kc6 77. Kg5 Kd7 78. Kh6 Kd8 79. Kg7 1-0


[Site "https://www.chess.com"]

[Event "Titled Tuesday Blitz February 15 Early 2022"]
[White "Rakhimgaliyev, Yerlan"]
[Black "Deuer, Marius"]
[WhiteFideId "13705148"]
[BlackFideId "16236432"]
[WhiteElo "2261"]
[BlackElo "2091"]
[Result "0-1"]
[Round "04"]
[TimeControl "180+1"]
[Date "2022.02.15"]
[WhiteClock "0:00:02"]
[BlackClock "0:00:04"]

1. e4 c5 2. Nf3 Nc6 3. c3 e5 4. d4 cxd4 5. cxd4 exd4 6. Nxd4 Nf6 7. Nc3 Bb4 8. Nxc6 bxc6 9. Bd3 O-O 10. O-O d6 11. Bg5 h6 12. Bh4 a5 13. Rc1 Ba6 14. a3 Bc5 15. Na4 Qe7 16. Re1 Bxd3 17. Qxd3 Ba7 18. Rxc6 Rad8 19. Qa6 Rfe8 20. Qxa5 g5 21. Rc7 Qe6 22. Bxg5 Bxf2+ 23. Kxf2 hxg5 24. Qxg5+ Kh8 25. Qh6+ Kg8 26. Kg1 Nxe4 27. Nc3 Qxh6 28. Nxe4 Re6 29. Rc3 Rde8 30. Rg3+ Kf8 31. Rge3 d5 32. Rf1 Rxe4 33. Rh3 R8e7 34. Rxh6 Re2 35. Rf2 Re1+ 36. Rf1 R1e3 37. Rb6 Re2 38. a4 R7e5 39. h4 Rc2 40. Rf2 Re1+ 41. Rf1 Ree2 42. Rb8+ Kg7 43. Rf3 Rxg2+ 44. Kh1 Rh2+ 45. Kg1 Rhg2+ 46. Kh1 Rgd2 47. Rg3+ Kh7 48. Rbg8 Rh2+ 49. Kg1 Rxh4 50. R3g7+ Kh6 51. Rh8+ Kxg7 52. Rxh4 Rxb2 53. Rd4 Rb1+ 54. Kf2 Ra1 55. Ke3 Kf6 56. Rf4+ Ke6 57. Rh4 Ra3+ 58. Kd2 f5 59. Kc2 Ke5 60. Kb2 Rg3 61. a5 Rg8 62. a6 Ra8 63. Ra4 f4 64. Kc3 f3 65. Kd3 d4 66. Ra5+ Kf4 67. Kxd4 f2 68. Ra1 Kf3 69. Kd3 Kg2 70. Ke2 Rxa6 71. Kd2 Rxa1 72. Ke3 f1=Q 0-1


[Site "https://www.chess.com"]

[Event "Titled Tuesday Blitz February 15 Early 2022"]
[White "Ronka, Erik"]
[Black "Rodchenkov, Vitaly"]
[WhiteFideId "505080"]
[BlackFideId "4152964"]
[WhiteElo "2264"]
[BlackElo "2337"]
[Result "0-1"]
[Round "04"]
[TimeControl "180+1"]
[Date "2022.02.15"]
[WhiteClock "0:00:14"]
[BlackClock "0:01:09"]

1. d4 Nf6 2. Nf3 b6 3. g3 Bb7 4. Bg2 e6 5. O-O Be7 6. c4 O-O 7. Nc3 Na6 8. Ne5 Bxg2 9. Kxg2 Qc8 10. e4 Qb7 11. f3 d6 12. Nd3 c6 13. Qe2 Nc7 14. b3 b5 15. c5 dxc5 16. Nxc5 Bxc5 17. dxc5 e5 18. Bg5 Nd7 19. Rad1 Ne6 20. Be7 Rfe8 21. Bd6 Nexc5 22. b4 Ne6 23. Qe3 a5 24. a3 axb4 25. axb4 Ra3 26. Rd3 Nb6 27. Qe2 Nc4 28. Bc5 Nd4 29. Qf2 Rea8 30. Bxd4 exd4 31. Qxd4 h6 32. h4 Qe7 33. Rfd1 Qxb4 34. e5 c5 35. Qe4 Re8 36. f4 Rxc3 37. Rd8 Ne3+ 38. Qxe3 Rxe3 39. Rxe8+ Kh7 40. h5 Qe4+ 41. Kh3 Qf3 42. Rg1 Qxh5+ 0-1


[Site "https://www.chess.com"]

[Event "Titled Tuesday Blitz February 15 Early 2022"]
[White "Rosenberg, Evan S"]
[Black "Rodchenkov, Sergey D."]
[WhiteFideId "2019299"]
[BlackFideId "4168712"]
[WhiteElo "2334"]
[BlackElo "2306"]
[Result "0-1"]
[Round "04"]
[TimeControl "180+1"]
[Date "2022.02.15"]
[WhiteClock "0:00:42"]
[BlackClock "0:00:35"]

1. Nf3 d5 2. d4 Nf6 3. c4 dxc4 4. e3 e6 5. Bxc4 c5 6. O-O a6 7. a3 Nbd7 8. Nc3 Be7 9. dxc5 Nxc5 10. b4 Qxd1 11. Rxd1 Ncd7 12. Bb2 b6 13. Nd4 Bb7 14. Bxe6 fxe6 15. Nxe6 Kf7 16. Ng5+ Kg6 17. Ne6 Rac8 18. Ne2 h6 19. N2f4+ Kf7 20. Nd4 g5 21. Nd3 Be4 22. Nf3 Rc2 23. Bd4 Rhc8 24. h3 Bd6 25. Nde5+ Ke6 26. Nxd7 Nxd7 27. Bg7 Bxf3 28. gxf3 Be5 29. Rxd7 Bxa1 0-1


[Site "https://www.chess.com"]

[Event "Titled Tuesday Blitz February 15 Early 2022"]
[White "Rychagov, Andrey"]
[Black "Al Mukhaini, Shima"]
[WhiteFideId "4119932"]
[BlackFideId "22005854"]
[WhiteElo "2500"]
[BlackElo "2400"]
[Result "1/2-1/2"]
[Round "04"]
[TimeControl "180+1"]
[Date "2022.02.15"]
[WhiteClock "0:00:22"]
[BlackClock "0:00:04"]

1. d4 f5 2. Nf3 Nf6 3. Bf4 g6 4. e3 Bg7 5. Bc4 e6 6. h3 O-O 7. O-O Nc6 8. Nbd2 h6 9. Bh2 Kh7 10. Re1 Ne4 11. Bd3 d5 12. c4 Ne7 13. Be5 c6 14. Bxg7 Kxg7 15. Ne5 Ng8 16. Ndf3 Ngf6 17. Rc1 Bd7 18. Re2 Be8 19. Rec2 g5 20. Ne1 Bh5 21. f3 Nd6 22. Be2 Nf7 23. g4 Bg6 24. Nxg6 Kxg6 25. Bd3 Qd7 26. Rg2 Kg7 27. gxf5 exf5 28. Qc2 Nd6 29. c5 Nc4 30. Bxc4 dxc4 31. Qxc4 Rae8 32. Qd3 Nd5 33. Nc2 f4 34. e4 Nf6 35. Kh2 Nh5 36. Na3 Ng3 37. Nc4 Re7 38. Nd6 Rf6 39. e5 Rf8 40. Rcg1 Ref7 41. Nxf7 Qxf7 42. b3 Nf5 43. Qe4 Qd5 44. Qxd5 cxd5 45. Re2 Nxd4 46. Rf2 Ne6 47. Rd1 d4 48. b4 Rd8 49. Rc2 Rd5 50. Kg2 Rxe5 51. Kf2 Kf6 52. Re2 Rd5 53. Rde1 Nc7 54. Re7 Nb5 55. R1e6+ Kf5 56. Rxh6 d3 57. Rh8 d2 58. Rf8+ Kg6 59. Rg8+ Kf6 60. Rgg7 d1=Q 61. Rgf7+ Kg6 62. Rg7+ Kf6 63. Rgf7+ Kg6 64. Rg7+ Kh6 65. Rh7+ Kg6 66. Rhg7+ 1/2-1/2


[Site "https://www.chess.com"]

[Event "Titled Tuesday Blitz February 15 Early 2022"]
[White "Sadhwani, Raunak"]
[Black "Ankerst, Mihael"]
[WhiteFideId "35093487"]
[BlackFideId "14602369"]
[WhiteElo "2616"]
[BlackElo "2281"]
[Result "1-0"]
[Round "04"]
[TimeControl "180+1"]
[Date "2022.02.15"]
[WhiteClock "0:01:42"]
[BlackClock "0:00:11"]

1. e4 c5 2. Nc3 Nc6 3. Nf3 Qb6 4. Nd5 Qa5 5. c3 e6 6. Nf4 Be7 7. Be2 d6 8. O-O Nf6 9. d3 Bd7 10. a3 a6 11. Be3 O-O 12. b4 Qc7 13. Qb1 b5 14. d4 cxd4 15. cxd4 d5 16. e5 Ne4 17. Rc1 Qb6 18. Nd3 a5 19. Nc5 Rfd8 20. Nxe4 dxe4 21. d5 Qa6 22. dxc6 exf3 23. Bxf3 Be8 24. c7 Rdc8 25. Bxa8 Qxa8 26. Qd3 h6 27. h3 Bc6 28. Rxc6 Qxc6 29. Rc1 Qa6 30. Qd7 Bf8 31. Rc6 Qa8 32. bxa5 Bxa3 33. Rb6 Bf8 34. a6 b4 35. a7 Qxa7 36. Qxc8 Qa1+ 37. Kh2 Qxe5+ 38. g3 Qc3 39. Rb8 Kh7 40. Qxf8 Qxc7 41. Qh8+ Kg6 42. Rg8 Qc3 43. Qxh6+ Kf5 44. Rxg7 Ke4 45. Qf4+ Kd3 46. Rxf7 b3 47. Rd7+ Kc2 48. Rd2+ Kb1 49. Qe4+ Ka1 50. Rd1+ Qc1 51. Rxc1+ Ka2 52. Qb1+ Ka3 53. Rc3 Kb4 54. Qxb3+ Ka5 55. Rc2 Ka6 56. Ra2# 1-0


[Site "https://www.chess.com"]

[Event "Titled Tuesday Blitz February 15 Early 2022"]
[White "Saim, Mohamed Ilias"]
[Black "Soumya, Swaminathan"]
[WhiteFideId "7900465"]
[BlackFideId "5016193"]
[WhiteElo "2006"]
[BlackElo "2115"]
[Result "0-1"]
[Round "04"]
[TimeControl "180+1"]
[Date "2022.02.15"]
[WhiteClock "0:00:01"]
[BlackClock "0:01:06"]

1. d4 Nf6 2. Nf3 g6 3. e3 Bg7 4. c3 O-O 5. Bd3 d6 6. O-O Nbd7 7. e4 c5 8. Nbd2 cxd4 9. cxd4 e5 10. d5 Nc5 11. Bc2 a5 12. Nc4 b5 13. Ne3 Nfxe4 14. Bxe4 Nxe4 15. Qd3 Nc5 16. Qxb5 Ba6 17. Qc6 Rc8 18. Qxc8 Qxc8 19. Rd1 Nd3 20. Bd2 Nxb2 21. Rdc1 Qd8 22. Bc3 Nd3 23. Rd1 f5 24. Nc2 Qb6 25. Ng5 Qxf2+ 26. Kh1 Qh4 27. Ne6 Nf2+ 28. Kg1 Nxd1 29. Rxd1 Rc8 30. Bxe5 Bxe5 31. Ne3 Qxh2+ 32. Kf2 Qh4+ 0-1


[Site "https://www.chess.com"]

[Event "Titled Tuesday Blitz February 15 Early 2022"]
[White "Samarth, J Rao"]
[Black "Federzoni, Enzo"]
[WhiteFideId "46652370"]
[BlackFideId "2173301"]
[WhiteElo "1514"]
[BlackElo "1956"]
[Result "0-1"]
[Round "04"]
[TimeControl "180+1"]
[Date "2022.02.15"]
[WhiteClock "0:01:42"]
[BlackClock "0:01:42"]

1. c4 e6 2. d4 d5 3. Nf3 Nf6 4. Bg5 Be7 5. e3 O-O 6. Qc2 Nbd7 7. Nc3 h6 8. h4 c5 9. cxd5 Nxd5 10. Nxd5 exd5 11. Bf4 cxd4 12. Nxd4 Bb4+ 13. Kd1 Nf6 14. Bd3 Bd7 15. a3 Rc8 16. Qb3 Bc5 17. f3 Qa5 18. Ke2 Ba4 19. Qc3 Qb6 20. b4 Bd6 21. Qb2 Bxf4 22. exf4 Rfe8+ 23. Kd2 Nh5 24. Rac1 Nxf4 25. Rxc8 Rxc8 26. Rc1 Rxc1 27. Nf5 Qf2+ 28. Kxc1 Nxd3+ 0-1


[Site "https://www.chess.com"]

[Event "Titled Tuesday Blitz February 15 Early 2022"]
[White "Sankalp Gupta"]
[Black "Balaji, Aaravamudhan"]
[WhiteFideId "5097010"]
[BlackFideId "436224"]
[WhiteElo "2395"]
[BlackElo "2085"]
[Result "1/2-1/2"]
[Round "04"]
[TimeControl "180+1"]
[Date "2022.02.15"]
[WhiteClock "0:00:05"]
[BlackClock "0:00:02"]

1. Nf3 b6 2. d3 Bb7 3. Nbd2 Nf6 4. g3 e6 5. Bg2 Be7 6. O-O O-O 7. e4 d5 8. e5 Nfd7 9. Re1 c5 10. c3 a5 11. Nf1 Nc6 12. h4 Qc7 13. Qe2 Rfc8 14. N1h2 b5 15. h5 a4 16. h6 g6 17. Ng4 b4 18. Bg5 Bf8 19. Qe3 a3 20. bxa3 Rxa3 21. cxb4 Nxb4 22. Re2 d4 23. Qf4 Nxd3 24. Nf6+ Kh8 25. Qh4 Bxf3 26. Bxf3 N3xe5 27. Bg2 Nf3+ 28. Bxf3 Rxf3 29. Nxd7 Qxd7 30. a4 Qd5 31. a5 Rf5 32. Bd2 Rh5 33. Qe4 Qxe4 34. Rxe4 Bxh6 35. g4 Rh4 36. Bxh6 Rxh6 37. a6 Rh3 38. a7 Ra8 39. Ree1 Rb3 40. Ra4 Rb7 41. Rea1 c4 42. Rxc4 Rbxa7 43. Rxa7 Rxa7 44. Rxd4 Kg7 45. Kg2 Ra3 46. f3 f5 47. Kg3 h6 48. gxf5 exf5 49. Rd6 h5 50. Kh4 Rxf3 51. Rxg6+ Kf7 52. Ra6 Rf1 53. Kxh5 Rg1 54. Kh4 Rg4+ 55. Kh3 Rg5 56. Rb6 Ke7 57. Ra6 f4 58. Ra4 Rg3+ 59. Kh2 Rg4 60. Kh3 Rg3+ 61. Kh2 Rf3 62. Kg2 Rg3+ 63. Kf2 Rg4 64. Re4+ Kf7 65. Kf3 Rh4 66. Ra4 Kf6 67. Ra5 Ke6 68. Rb5 Rh3+ 69. Kxf4 Rc3 70. Ke4 Rc4+ 71. Kd3 Rh4 1/2-1/2


[Site "https://www.chess.com"]